 Dungeon Crawl Stone Soup version 0.29-a0-1052-g6990b1bffc (webtiles) character file.

Game seed: 10054515992993077660

59 SensoryNuts the Poker (level 3, 0/28 HPs)
             Began as a Demonspawn Gladiator on Aug 17, 2022.
             Slain by Crazy Yiuf
             ... wielding a +2 quarterstaff of chaos
              (2 damage)
             ... on level 2 of the Dungeon.
             The game lasted 00:01:05 (1755 turns).

SensoryNuts the Poker (Demonspawn Gladiator)        Turns: 1755, Time: 00:01:06

Health: 0/28       AC:  9    Str: 16    XL:     3   Next: 78%
Magic:  3/3        EV: 12    Int:  9    God:
Gold:   137        SH:  0    Dex: 14    Spells: 2/2 levels left

rFire   . . .      SeeInvis .   a - +0 trident
rCold   . . .      Faith    .   (no shield)
rNeg    . . .      Spirit   .   b - +0 leather armour
rPois   .          Reflect  .   c - +0 helmet
rElec   .          Harm     .   i - +0 cloak
rCorr   .          Rampage  .   (no gloves)
Will    .....                   (no boots)
Stlth   +.........              (no amulet)
HPRegen 0.09/turn               p - +4 ring of protection
MPRegen 0.08/turn               (no ring)

@: lethally poisoned (0 -> -6)
A: claws 2
a: no special abilities


You were on level 2 of the Dungeon.
You visited 1 branch of the dungeon, and saw 2 of its levels.

You collected 137 gold pieces.

Inventory:

Hand Weapons
 a - a +0 trident (weapon)
Missiles
 d - 3 throwing nets (quivered)
 e - a javelin
Armour
 b - a +0 leather armour (worn)
 c - a +0 helmet (worn)
 i - a +0 cloak (worn)
Jewellery
 p - a +4 ring of protection (left claw)
Scrolls
 f - a scroll of torment {unknown}
 h - 3 scrolls of identify {unknown}
 l - 2 scrolls of magic mapping {unknown}
 m - a scroll of vulnerability {unknown}
 o - a scroll of blinking {unknown}
 q - 2 scrolls of enchant armour {unknown}
Potions
 g - a potion of curing {unknown}
 j - 2 potions of heal wounds {unknown}
 k - a potion of brilliance {unknown}
 n - a potion of attraction {unknown}
 r - a potion of berserk rage {unknown}
 s - a potion of haste {unknown}


   Skills:
 + Level 2.3 Fighting
 + Level 3.4 Polearms
 + Level 1.9 Throwing
 + Level 0.5 Armour
 + Level 3.2 Dodging
 + Level 0.4 Stealth


You had 2 spell levels left.
You didn't know any spells.
Your spell library contained the following spells:

 Spells                   Type           Power      Damage    Failure   Level
 Call Canine Familiar     Summ           0%         N/A       83%         3
 Portal Projectile        Hex/Tloc       0%         N/A       83%         3
 Leda's Liquefaction      Hex/Erth       0%         N/A       99%         4


Dungeon Overview and Level Annotations

Branches:
Dungeon (2/15)

Altars:

Annotations:
D:2 Crazy Yiuf


Innate Abilities, Weirdness & Mutations

You have very sharp fingernails.


Message History

r - a fuming golden potion
q - 2 scrolls labelled UTOPTI QIRE (gained 1)
You now have 119 gold pieces (gained 12).
There is an open door, spattered with blood here.
You see here a rat corpse.
You see here a +0 leather armour.
There is an open door here.
Found a hammer.
Found a runed translucent door.
Crazy Yiuf shouts!
Crazy Yiuf laughs, "Leather foot disdain!"
You open the door.
There is an open door here.
You now have 137 gold pieces (gained 18).
l - 2 scrolls labelled WULIOS ZIRIA (gained 1)
s - a fizzy orange potion
There is an open door here.
Failed to move towards target.
Failed to move towards target.
Failed to move towards target.
Failed to move towards target.
Failed to move towards target.
Could not explore, unopened runed door.
Could not explore, unopened runed door.
As you open the door, it creaks loudly!
Crazy Yiuf yells, "Gnoll horse eyeball!"
Crazy Yiuf drinks a potion.
Crazy Yiuf seems to grow stronger.
Crazy Yiuf hits you with a +2 quarterstaff of chaos!
You are poisoned.
There is an open translucent door, spattered with blood here.
You hit Crazy Yiuf.
Crazy Yiuf is moderately wounded.
You feel very sick. Crazy Yiuf closely misses you.
You hit Crazy Yiuf but do no damage.
Crazy Yiuf is moderately wounded.
You feel sick.
Crazy Yiuf hits you with a +2 quarterstaff of chaos!
* * * LOW HITPOINT WARNING * * *
Crazy Yiuf freezes you.
You die...

.....#......#
.....#......#
.....########
.##....# ###.####
..#.##########
.##.....#..#.### ####
.##.........#..##...#
.##........####.@g..#
.....#..#.## ###..)#
####.###### #### #.#
####.# .....# ######


You could see Crazy Yiuf (strong).

Vanquished Creatures
  An adder (D:2)
  2 worms (D:2)
  2 dart slugs
  4 endoplasms
  2 giant cockroaches
  5 hobgoblins
  3 kobolds
  2 quokkas (D:1)
  A ball python (D:1)
  4 bats
  3 frilled lizards
  5 goblins
  4 rats
38 creatures vanquished.

Notes
Turn   | Place    | Note
-------+----------+-------------------------------------------
     0 | D:1      | SensoryNuts the Demonspawn Gladiator began the quest for
                  | the Orb.
     0 | D:1      | Reached XP level 1. HP: 16/16 MP: 1/1
   207 | D:1      | Gained mutation: You have sharp fingernails. [demonic
                  | ancestry]
   207 | D:1      | Reached XP level 2. HP: 22/22 MP: 2/2
   495 | D:1      | Noticed a golden eye
   497 | D:1      | Found a faded altar of an unknown god.
   499 | D:1      | Noticed an eye of devastation
   502 | D:1      | Noticed a great orb of eyes
   502 | D:1      | Noticed a golden eye
   773 | D:2      | Gained mutation: You have very sharp fingernails. [demonic
                  | ancestry]
   773 | D:2      | Reached XP level 3. HP: 27/27 MP: 3/3
  1700 | D:2      | Found a runed translucent door.
  1701 | D:2      | Noticed Crazy Yiuf
  1755 | D:2      | Slain by Crazy Yiuf

Illustrated notes

Levels and vault maps discovered:
D:1:      lemuel_arrival_rhombus, layout_rooms,
          hellmonk_ecumenical_altar_watching_god,
          corexii_item_surrounded_by_moat
D:2:      layout_basic, minmay_fractal_squares_gapless_5,
          uniq_crazy_yiuf_cottage

Skill      XL: |  1  2 |
---------------+-------+-----
Polearms       | 3 |  3.4
Dodging        | 3 |  3.2
Fighting       | |  2.3
Throwing       | |  1.9
Armour         | |  0.5
Stealth        | |  0.4

Action                   || total
-------------------------++-------
Melee: Trident           ||   109
       Punch             ||     2
 Stab: Sleeping          ||     4
Armor: Leather armour    ||    31
Dodge: Dodged            ||    73

Table legend: (Time is in decaauts)
 A = Elapsed time spent in this place.
 B = Non-inter-level travel time spent in this place.
 C = Inter-level travel time spent in this place.
 D = Time resting spent in this place.
 E = Time spent auto-exploring this place.
 F = Levels seen in this place.
 G = Mean time per level.
                   A        B        C        D        E       F      G
               +--------+--------+--------+--------+--------+-----+--------+
         Total |   1770 |   1752 |     18 |      0 |   1504 |   2 |  885.0 |
       Dungeon |   1770 |   1752 |     18 |      0 |   1504 |   2 |  885.0 |
               +--------+--------+--------+--------+--------+-----+--------+

Top non-repeatable levels by time:
     D:2: 1015 daAuts
     D:1: 754 daAuts
